 Dungeon Crawl Stone Soup version 0.30-a0-1050-g2766ea1e55 (webtiles) character file.

Game seed: 7981237890619800817

2188 Ic0nGaming the Slicer (level 9, -11/54 HPs)
             Began as a Kobold Fighter on Apr 10, 2023.
             Was an Initiate of Makhleb.
             Mangled by a hornet (14 damage)
             ... on level 8 of the Dungeon.
             The game lasted 00:16:39 (7892 turns).

Ic0nGaming the Slicer (Kobold Fighter)              Turns: 7892, Time: 00:16:40

Health: -11/54     AC:  8    Str: 15    XL:     9   Next: 59%
Magic:  9/9        EV: 11    Int: 10    God:    Makhleb [......]
Gold:   589        SH:  6    Dex: 16    Spells: 8/8 levels left

rFire   . . .      SeeInvis .    a - +0 rapier
rCold   . . .      Faith    .    c - +1 buckler
rNeg    . . .      Spirit   .    g - +0 ring mail
rPois   .          Reflect  .    q - +1 helmet
rElec   .          Rampage  .    (no cloak)
rCorr   .                        (no gloves)
Will    +....                    l - +0 pair of boots
Stlth   +++                      o - amulet of the acrobat
HPRegen 0.29/turn                b - +4 ring of slaying
MPRegen 0.11/turn                s - ring of willpower

@: lethally poisoned (-11 -> -19), about to teleport, slowed, very slow
A: small, no large weapons, nightstalker 3
a: Renounce Religion


You were on level 8 of the Dungeon.
You worshipped Makhleb.
Makhleb was noncommittal.
You visited 2 branches of the dungeon, and saw 9 of its levels.

You collected 589 gold pieces.

Inventory:

Hand Weapons
 a - a +0 rapier (weapon)
 n - a +0 rapier
Missiles
 e - a throwing net
 h - 14 poisoned darts (quivered)
Armour
 c - a +1 buckler (worn)
 g - a +0 ring mail (worn)
 l - a +0 pair of boots (worn)
 q - a +1 helmet (worn)
Jewellery
 b - a +4 ring of slaying (left hand)
 o - an amulet of the acrobat (around neck)
 s - a ring of willpower (right hand)
Wands
 m - a wand of flame (34)
Scrolls
 k - a scroll of teleportation
Potions
 d - a potion of heal wounds
 f - a potion of haste
 i - 4 potions of flight
 j - a potion of brilliance
 p - a potion of mutation
 r - 2 potions of attraction


   Skills:
 - Level 5.1 Fighting
 * Level 13.8 Short Blades
 - Level 2.4 Armour
 - Level 4.7 Stealth
 - Level 2.4 Shields
 - Level 3.1 Evocations


You had 8 spell levels left.
You didn't know any spells.
Your spell library contained the following spells:

 Spells                   Type           Power      Damage    Failure   Level
 Magic Dart               Conj           0%         1d3       73%         1
 Summon Small Mammal      Summ           0%         N/A       73%         1
 Call Imp                 Summ           0%         N/A       86%         2
 Ensorcelled Hibernation  Hex/Ice        0%         N/A       86%         2
 Passwall                 Tmut/Erth      0%         N/A       86%         2
 Call Canine Familiar     Summ           0%         N/A       97%         3
 Mephitic Cloud           Conj/Pois/Air  0%         N/A       97%         3
 Summon Guardian Golem    Hex/Summ       0%         N/A       97%         3
 Swiftness                Air            0%         N/A       97%         3


Dungeon Overview and Level Annotations

Branches:
Dungeon (8/15)             Temple (1/1) D:6
   Lair: D:8-11

Altars:
Ashenzari
Cheibriados
Elyvilon
Fedhas
Hepliaklqana
Kikubaaqudgha
Makhleb
Nemelex Xobeh
Okawaru
Qazlal
Ru
Sif Muna
Trog
Uskayaw
Vehumet
Wu Jian
Xom
Zin
The Shining One

Annotations:
D:3 3 runed translucent doors, Gandelf's ghost, amateur SpCj
D:4 Grinder


Innate Abilities, Weirdness & Mutations

You are small and have problems with some larger weapons.
You are completely attuned to the shadows.


Message History

You completely miss the hornet.
The hornet is lightly wounded.
The hornet stings you.
You feel yourself slow down.
Unknown command.
You completely miss the hornet.
The hornet is lightly wounded.
The hornet misses you.
You barely miss the hornet.
The hornet is lightly wounded.
You block the hornet's attack. The shadow imp barely misses you.
A water moccasin comes into view.
The hornet stings you.
You feel as though you will be slow longer.
You barely miss the hornet.
The hornet is lightly wounded.
The hornet stings you!
You feel as though you will be slow longer.
The shadow imp gestures at you. Pain shoots through your body!
Unknown command.
The shadow imp completely misses you. The hornet stings you!
* * * LOW HITPOINT WARNING * * *
You feel as though you will be slow longer.
The water moccasin hisses angrily.
The hornet misses you.
You see here a sky beast corpse.
Unknown command.
The shadow imp attacks as you move away!
The shadow imp misses you. The hornet completely misses you. x2
There is an open door here.
Unknown command.
As you read the scroll of teleportation, it crumbles to dust.
You feel strangely unstable.
You hear the creaking of a distant portcullis.
The hornet stings you!
* * * LOW HITPOINT WARNING * * *
You are lethally poisoned!
You feel as though you will be slow longer.
The hornet stings you!
You die...

#.....#....#
#.8...#._..#
#.##.##....#.#
#..####⌠.⌠.#.#
#...###'####.#
#............# #
#.##....l...#######..
#.........##.........
####......#..###@###
#........##5y#).##
#.......##.S###..#
#......##.#.....#.
#......#...##z##.
#......#.#.#.!.#
#...... #..$#?..
#...... #.#. .#.#
#...... ..## ##..


You could see a hornet, a water moccasin and a shadow imp.

Vanquished Creatures
  An unseen horror zombie (D:8)
  Sigmund (D:4)
  An orc warrior (D:7)
  A sky beast (D:8)
  2 ogres
  3 centaurs
  A phantom (D:5)
  A kobold brigand (D:5)
  A scorpion (D:6)
  2 bullfrogs
  2 centaur zombies (D:8)
  3 hounds
  A jelly (D:6)
  5 orc priests
  A gnoll bouda (D:8)
  An iguana (D:5)
  Ijyb (D:4)
  4 orc wizards
  3 sleepcaps
  7 gnolls
  6 adders
  2 ufetubi
  2 worms
  3 dart slugs
  27 orcs
  13 ball pythons
  3 bats
  4 endoplasms
  A giant cockroach (D:3)
  7 goblins
  5 hobgoblins
  3 jackals (D:1)
  4 quokkas
  2 frilled lizards
  13 kobolds
  2 rats
139 creatures vanquished.

Vanquished Creatures (others)
  A withered plant (D:8)
1 creature vanquished.

Grand Total: 140 creatures vanquished

Notes
Turn   | Place    | Note
-------+----------+-------------------------------------------
     0 | D:1      | Ic0nGaming the Kobold Fighter began the quest for the Orb.
     0 | D:1      | Reached XP level 1. HP: 14/14 MP: 1/1
   159 | D:1      | Reached skill level 3 in Short Blades
   254 | D:1      | Reached skill level 1 in Stealth
   330 | D:1      | Reached XP level 2. HP: 19/19 MP: 2/2
  1083 | D:2      | Reached XP level 3. HP: 23/23 MP: 3/3
  1127 | D:2      | Reached skill level 4 in Short Blades
  1149 | D:2      | Reached XP level 4. HP: 9/28 MP: 4/4
  1396 | D:2      | Found a blossoming altar of Fedhas.
  1407 | D:2      | Reached skill level 5 in Short Blades
  1934 | D:3      | Found a runed translucent gate.
  1935 | D:3      | Found a runed translucent gate.
  1936 | D:3      | Found a runed translucent gate.
  1939 | D:3      | Noticed Gandelf's ghost (amateur SpCj)
  2220 | D:3      | Found a faded altar of an unknown god.
  2363 | D:3      | Reached XP level 5. HP: 25/32 MP: 5/5
  3489 | D:4      | Noticed Ijyb
  3495 | D:4      | Reached skill level 6 in Short Blades
  3496 | D:4      | Noticed an ogre
  3504 | D:5      | Entered Level 5 of the Dungeon
  3597 | D:5      | Noticed a phantom
  3686 | D:5      | Noticed a kobold brigand
  3702 | D:4      | Killed an ogre
  3703 | D:4      | Reached skill level 7 in Short Blades
  3703 | D:4      | Reached XP level 6. HP: 35/37 MP: 6/6
  3705 | D:4      | Killed Ijyb
  4246 | D:4      | Noticed Grinder
  4256 | D:4      | Noticed Sigmund
  4260 | D:4      | Killed Sigmund
  4261 | D:4      | Reached skill level 8 in Short Blades
  4261 | D:4      | Reached XP level 7. HP: 37/41 MP: 7/7
  4760 | D:5      | Found a shimmering altar of Xom.
  4760 | D:5      | Found a sacrificial altar of Ru.
  4760 | D:5      | Found a glowing silver altar of Zin.
  4766 | D:5      | Found a white marble altar of Elyvilon.
  4766 | D:5      | Found a shimmering altar of Xom.
  4791 | D:5      | Found a glowing silver altar of Zin.
  4830 | D:5      | Reached skill level 9 in Short Blades
  4855 | D:5      | Reached XP level 8. HP: 17/47 MP: 8/8
  5063 | D:5      | Found an ancient bone altar of Kikubaaqudgha.
  5455 | D:6      | Found a blossoming altar of Fedhas.
  5608 | D:6      | Reached skill level 10 in Short Blades
  5830 | D:6      | Found an ornate altar of the Wu Jian Council.
  6357 | D:6      | Found a staircase to the Ecumenical Temple.
  6603 | Temple   | Entered the Ecumenical Temple
  6658 | Temple   | Became a worshipper of Makhleb the Destroyer
  6947 | D:7      | Reached skill level 5 in Fighting
  6947 | D:7      | Reached skill level 11 in Short Blades
  7136 | D:7      | Reached XP level 9. HP: 30/54 MP: 9/9
  7426 | D:7      | Found a hazy altar of Hepliaklqana.
  7616 | D:7      | Reached skill level 12 in Short Blades
  7714 | D:8      | Reached skill level 13 in Short Blades
  7826 | D:8      | Found a snail-covered altar of Cheibriados.
  7829 | D:8      | Found a bloodstained altar of Trog.
  7882 | D:8      | Noticed a hornet
  7892 | D:8      | Mangled by a hornet

Illustrated notes

Levels and vault maps discovered:
D:1:      dpeg_arrival_simpleton_c, layout_basic, serial_forest,
          infiniplex_forest_lined_room_2, infiniplex_forest_straight_1,
          infiniplex_forest_end_2, infiniplex_forest_clump_small,
          infiniplex_forest_lined_room_2, minmay_unequal
D:2:      layout_basic, basic_altar
D:3:      minmay_chambers_of_twos, layout_loops_ring, ebering_ghost_rock_garden,
          nicolae_ecumenical_snake_handling
D:4:      layout_layer_cave, serial_forest, infiniplex_forest_lined_corner,
          infiniplex_forest_clump_tiny, infiniplex_forest_end_2,
          infiniplex_forest_join, infiniplex_forest_join,
          infiniplex_forest_clump_small, infiniplex_forest_side_room,
          infiniplex_forest_lined_2, infiniplex_forest_end_1,
          serial_bayou_ford_a, minmay_bent, uniq_grinder, uniq_ijyb,
          uniq_sigmund
D:5:      layout_basic, doesnt_xom_only_xom, mainiacjoe_overflow_surrounded_room
D:6:      layout_gridville, fedhas_bush_and_centaur_altar,
          nicolae_wu_jian_immortal_techniques, minmay_temple_entry_statues,
          chequers_garden
D:7:      layout_loops_ring, nzn_hepliaklqana_mist_gate
D:8:      minmay_the_grid_octo_2x2 [minmay_the_grid_octo_focus,
          minmay_the_grid_octo_toaster, minmay_the_grid_octo_tetromino_candy,
          minmay_the_grid_octo_prize_square_snowflake], layout_gridville,
          lemuel_doored_altar, jmf_multi_god_temple, erik_lair_island,
          enter_bailey_2, serial_undead, serial_undead_f, serial_undead_a,
          serial_undead_e, serial_undead_e, dk_vineyard_2
Temple:   hellmonk_temple_two_chambers

Skill      XL: |  1  2  3  4  5  6  7  8  9 |
---------------+----------------------------+-----
Short Blades   | 3 4 5 7 8 9 11 13 | 13.8
Stealth        | 1 2 3 4 |  4.7
Evocations     | 2 3 |  3.1
Fighting       | 5 |  5.1
Armour         | |  2.4
Shields        | |  2.4

Action                     |  1- 3 |  4- 6 |  7- 9 || total
---------------------------+-------+-------+-------++-------
  Melee: Rapier            |    67 |   101 |   227 ||   395
  Throw: Dart              |     3 |     2 |     1 ||     6
  Evoke: Wand              |       |     3 |    11 ||    14
    Use: Scroll            |     6 |     6 |     7 ||    19
         Potion            |     1 |     1 |     2 ||     4
   Stab: Sleeping          |     4 |    17 |    14 ||    35
         Distracted        |       |       |     1 ||     1
 Armour: Scale mail        |    12 |       |       ||    12
         Ring mail         |    16 |    20 |    47 ||    83
  Dodge: Dodged            |    28 |    36 |    95 ||   159
  Block: Buckler           |    16 |    17 |    36 ||    69

Table legend: (Time is in decaauts)
 A = Elapsed time spent in this place.
 B = Non-inter-level travel time spent in this place.
 C = Inter-level travel time spent in this place.
 D = Time resting spent in this place.
 E = Time spent auto-exploring this place.
 F = Levels seen in this place.
 G = Mean time per level.
                   A        B        C        D        E       F      G
               +--------+--------+--------+--------+--------+-----+--------+
         Total |   7855 |   7517 |    338 |   1036 |   5207 |   9 |  872.8 |
       Dungeon |   7782 |   7445 |    337 |   1036 |   5189 |   8 |  972.8 |
        Temple |     72 |     72 |      0 |      0 |     18 |   1 |   72.0 |
               +--------+--------+--------+--------+--------+-----+--------+

Top non-repeatable levels by time:
     D:5: 1465 daAuts
     D:3: 1134 daAuts
     D:4: 1108 daAuts
     D:6: 1012 daAuts
     D:2: 1008 daAuts
     D:7: 984 daAuts
     D:1: 926 daAuts
     D:8: 143 daAuts
  Temple: 72 daAuts
